 Dungeon Crawl Stone Soup version 0.30-b1-2-g02819fbbbe (webtiles) character file.

Game seed: 4215284352401380486

203 funkygono the Covered (level 5, 0/47 HPs)
             Began as a Minotaur Fighter on May 24, 2023.
             Slain by Grinder (8 damage)
             ... on level 3 of the Dungeon.
             The game lasted 00:02:56 (1627 turns).

funkygono the Covered (Minotaur Fighter)            Turns: 1627, Time: 00:02:56

Health: 0/47       AC: 10    Str: 23    XL:     5   Next: 51%
Magic:  4/4        EV:  9    Int:  5    God:
Gold:   179        SH:  4    Dex:  9    Spells: 4/4 levels left

rFire   . . .        a - +0 war axe
rCold   . . .        c - +0 buckler
rNeg    . . .        b - +0 scale mail
rPois   .            (helmet restricted)
rElec   .            (no cloak)
rCorr   +            j - +2 pair of gloves
SInv    .            (no boots)
Will    .....        (no amulet) Stlth
                     l - ring of resist corrosion
HPRegen 0.27/turn    (no ring)
MPRegen 0.09/turn

%: no passive effects
@: mighty
A: horns 2, retaliatory headbutt
a: no special abilities


You were on level 3 of the Dungeon.
You visited 1 branch of the dungeon, and saw 3 of its levels.

You collected 179 gold pieces.

Inventory:

Hand Weapons
 a - a +0 war axe (weapon)
Armour
 b - a +0 scale mail (worn)
 c - a +0 buckler (worn)
 j - a +2 pair of gloves (worn)
Jewellery
 l - a ring of resist corrosion (left hand)
 n - a ring of positive energy
Scrolls
 e - a scroll of identify
 f - 2 scrolls of magic mapping
 g - a scroll of teleportation {unknown}
 h - 2 scrolls of enchant weapon {unknown}
 i - a scroll of amnesia {unknown}
 o - 2 scrolls of fog {unknown}
Potions
 k - a potion of mutation {unknown}
 m - a potion of curing {unknown}


   Skills:
 + Level 4.6 Fighting
 + Level 4.6 Axes
 + Level 4.7 Armour
 + Level 1.0 Dodging
 + Level 4.5 Shields


You had 4 spell levels left.
You didn't know any spells.
Your spell library contained the following spells:

 Spells                   Type           Power      Damage    Failure   Level
 Summon Small Mammal      Summ           0%         N/A       83%         1
 Call Canine Familiar     Summ           0%         N/A       99%         3
 Summon Guardian Golem    Hex/Summ       0%         N/A       99%         3


Dungeon Overview and Level Annotations

Branches:
Dungeon (3/15)

Altars:
Dithmenos
Makhleb

Shops:
D:1 [

Annotations:
D:3 Grinder


Innate Abilities, Weirdness & Mutations

You have a pair of horns on your head.
You reflexively headbutt those who attack you in melee.


Message History

Ijyb hits you but does no damage. The adder bites you but does no damage.
Ijyb hits you with a +0 club.
You feel sick. Grinder closely misses you.
You feel sick. The adder closely misses you. Ijyb hits you but does no damage.
You're too confused to move!
You feel sick.
You are no longer poisoned.
The adder bites you. Grinder gestures at you. Pain shoots through your body!
The adder barely misses you. Ijyb hits you but does no damage.
You barely miss Grinder. You barely miss the adder. You closely miss Ijyb.
The adder barely misses you. Grinder closely misses you.
Ijyb hits you with a +0 club. The adder bites you but does no damage.
Unknown command.
You hit Ijyb.
You kill Ijyb!
You hit Grinder but do no damage. You closely miss the adder.
Grinder blinks!
The adder bites you but does no damage. The adder bites you.
You barely miss the adder. The adder bites you.
Grinder blinks!
The adder bites you but does no damage.
You feel less confused. The adder closely misses you. You furiously retaliate!
You headbutt the adder!
You kill the adder!
Grinder gestures at you. You resist with significant effort.
Grinder gestures at you.
You barely resist.
Grinder says, "You look like you could use a good racking."
Grinder gestures at you. Pain shoots through your body!
* * * LOW HITPOINT WARNING * * *
You completely miss Grinder. Grinder hits you but does no damage.
You feel very mighty all of a sudden. Grinder hits you but does no damage.
You completely miss Grinder. Grinder hits you but does no damage.
You slash Grinder!
Grinder is lightly wounded.
Grinder hits you!
You die...

#.......# #.......#
##......###
##...#...#
#######.##########
#..........#
###........######
#.............#
#.@...)..###......#
#.5......# ...####
########## #.S.#
#...# #...≈ #.._
#..


You could see Grinder.

Vanquished Creatures
  A jelly (D:3)
  Ijyb (D:3)
  Natasha (twice) (D:3)
  5 adders
  2 worms (D:2)
  2 dart slugs
  An orc (D:2)
  2 ball pythons
  3 endoplasms
  6 goblins
  2 hobgoblins
  6 jackals (D:1)
  3 kobolds
  2 quokkas
  3 bats
  3 frilled lizards
  4 rats
48 creatures vanquished.

Vanquished Creatures (others)
  3 plants (D:1)
3 creatures vanquished.

Grand Total: 51 creatures vanquished

Notes
Turn   | Place    | Note
-------+----------+-------------------------------------------
     0 | D:1      | funkygono the Minotaur Fighter began the quest for the Orb.
     0 | D:1      | Reached XP level 1. HP: 19/19 MP: 0/0
   167 | D:1      | Reached XP level 2. HP: 26/27 MP: 1/1
   444 | D:1      | Found Icvej's Armour Emporium.
   671 | D:2      | Reached XP level 3. HP: 32/33 MP: 2/2
   948 | D:2      | Reached XP level 4. HP: 40/40 MP: 3/3
  1312 | D:3      | Noticed Natasha
  1317 | D:3      | Killed Natasha
  1319 | D:3      | Reached skill level 1 in Dodging
  1319 | D:3      | Reached XP level 5. HP: 36/46 MP: 4/4
  1393 | D:3      | Noticed Natasha
  1402 | D:3      | Killed Natasha
  1443 | D:3      | Found a burning altar of Makhleb.
  1511 | D:3      | Found a shadowy altar of Dithmenos.
  1582 | D:3      | Noticed Ijyb
  1583 | D:3      | Found a faded altar of an unknown god.
  1583 | D:3      | Noticed Grinder
  1617 | D:3      | Killed Ijyb
  1627 | D:3      | Slain by Grinder

Illustrated notes

Levels and vault maps discovered:
D:1:      dpeg_arrival_leaves_temple_mockup, layout_basic, serial_forest,
          infiniplex_forest_straight_4, infiniplex_forest_clump_tiny,
          infiniplex_forest_clump_diagonal, infiniplex_forest_straight_2,
          infiniplex_forest_clump_diagonal, infiniplex_forest_join,
          serial_shops, shop
D:2:      minmay_evil_eye, layout_rooms, nicolae_titane
D:3:      layout_rooms, bloody_makhleb, grunt_dithmenos_smoke,
          hellmonk_ecumenical_altar_crossroads, minmay_misc_feat_plants,
          uniq_natasha, uniq_ijyb, uniq_grinder

Skill      XL: |  1  2  3  4 |
---------------+-------------+-----
Shields        | 4 |  4.5
Armour         | 4 |  4.7
Axes           | 3 4 |  4.6
Fighting       | 4 |  4.6
Dodging        | 1 |  1.0

Action                     |  1- 3 |  4- 6 || total
---------------------------+-------+-------++-------
  Melee: War axe           |    70 |    50 ||   120
         Headbutt          |     4 |     4 ||     8
    Use: Scroll            |     2 |       ||     2
         Potion            |       |     1 ||     1
 Armour: Scale mail        |    41 |    34 ||    75
  Dodge: Dodged            |    35 |    31 ||    66
  Block: Buckler           |    27 |    14 ||    41
